 Dungeon Crawl Stone Soup version 0.20.1-1-g8b1a95d (webtiles) character file.

662 FishFinger the Poker (level 7, 0/61 HPs)
             Began as a Minotaur Chaos Knight on Aug 24, 2017.
             Killed from afar by an electric eel (7 damage)
             ... with a bolt of electricity
             ... on level 5 of the Dungeon on Aug 25, 2017.
             The game lasted 00:44:04 (5792 turns).

FishFinger the Poker (Minotaur Chaos Knight)        Turns: 5792, Time: 00:44:05

Health: 0/61       AC:  3    Str: 19    XL:     7   Next: 30%
Magic:  6/6        EV: 12    Int:  9    God:    Xom [...*..]
Gold:   166        SH:  0    Dex:  9    Spells: 6/6 levels left

rFire    . . .     SeeInvis .   a - +1 spear (chaos)
rCold    + . .     Gourm    .   (no shield)
rNeg     . . .     Faith    .   l - +0 leather armour (curse)
rPois    .         Spirit   .   (helmet restricted)
rElec    .         Reflect  .   (no cloak)
rCorr    .         Harm     .   (no gloves)
MR       .....                  (no boots)
Stlth    ++........             (no amulet)
Regen    0.2/turn               m - ring of protection from cold
MPRegen  0.1/turn               (no ring)

@: about to teleport
A: retaliatory headbutt, horns 2
a: Renounce Religion


You were on level 5 of the Dungeon.
You worshipped Xom.
You were a favourite toy of Xom.
You were not hungry.

You visited 2 branches of the dungeon, and saw 6 of its levels.

You collected 166 gold pieces.

Inventory:

Hand Weapons
 a - a +1 spear of chaos (weapon)
 h - a +0 halberd
 v - a +0 glaive
 w - the +7 war axe of Zijircha {speed, Dex+4, unknown}
   (You found it on level 4 of the Dungeon)

   Attacks with this weapon are significantly faster.
   It affects your dexterity (+4).
 y - a +0 dire flail
 C - a cursed -1 hunting sling
 G - a +0 dagger of draining
 H - a +2 dagger of holy wrath
Missiles
 D - a throwing net (quivered)
Armour
 b - a +2 leather armour
 d - a +0 buckler
 e - a +0 ring mail
 f - a cursed +0 scale mail
 k - a +0 chain mail
 l - a cursed +0 leather armour (worn)
Jewellery
 m - a ring of protection from cold (left hand)
 p - a +5 ring of dexterity {unknown}
Wands
 u - a wand of flame (9/48)
Scrolls
 n - 2 scrolls of random uselessness
 o - a scroll of recharging
 A - a scroll of remove curse {unknown}
Potions
 g - 3 potions of resistance
 j - 3 potions of flight
 s - a potion of cancellation {unknown}
 t - 2 potions of heal wounds {unknown}
 x - 2 potions of curing
 z - 2 potions of mutation
 B - a potion of haste {unknown}
 E - a potion of brilliance {unknown}
Comestibles
 c - 5 bread rations
 i - 4 meat rations
 q - 2 royal jellies
 F - a chunk of flesh


   Skills:
 + Level 5.5 Fighting
 + Level 7.1 Polearms
 + Level 4.3 Armour
 + Level 3.0 Dodging
 + Level 2.4 Stealth


You had 6 spell levels left.
You didn't know any spells.

Dungeon Overview and Level Annotations

Branches:
Dungeon (5/15)             Temple (1/1) D:4

Altars:
Ashenzari
Cheibriados
Dithmenos
Elyvilon
Fedhas
Gozag
Hepliaklqana
Makhleb
Nemelex Xobeh
Okawaru
Qazlal
Ru
Sif Muna
Trog
Uskayaw
Vehumet
Xom
Yredelemnul
Zin
The Shining One

Shops:
D:4 *


Innate Abilities, Weirdness & Mutations

You reflexively headbutt those who attack you in melee.
You have a pair of horns on your head.


Message History

You open the door.
The centaur shoots an arrow.
The arrow hits you!
The electric eel shoots out a bolt of lightning at you!
The bolt of electricity hits the plant.
The bolt of electricity hits you!
The electric eel shoots out a bolt of lightning at you!
The bolt of electricity hits the plant.
The bolt of electricity hits you!
There is an open door here.
As you read the scroll of teleportation, it crumbles to dust.
You feel strangely unstable.
The electric eel shoots out a bolt of lightning at you!
The bolt of electricity hits the plant.
The bolt of electricity hits you!
* * * LOW HITPOINT WARNING * * *
The electric eel shoots out a bolt of lightning at you!
The bolt of electricity hits the plant.
The bolt of electricity misses you.
Xom thinks this is hilarious!
The centaur shoots an arrow.
The arrow hits you!
* * * LOW HITPOINT WARNING * * *
The electric eel shoots out a bolt of lightning at you!
The bolt of electricity hits the plant.
The bolt of electricity hits you!
You die...
Xom titters!

#.......#≈[.%≈##;≈;##≈#
#...#...#$PP..#≈≈;≈≈#≈#
#...#...#.P..≈#[≈$$.#≈#
#...#...#.....#.PPP.#≈#
#.......# #≈≈..P#.#
#......## #.....#.#
#.#....#..#####.....#.#
##.#....##..≈c≈##'..##.#
...#.#...#####≈(@####.##
)....#.#....####...≈≈##
.....#.####.###########
.....#.....>......#.#.#
...#.######.#######.#.######
#.##.# #.# #.#......# #.##.#
#.# #.######.# #
#.##.######.#######.# #.# #
#.##................# #.# #


You could see a centaur and an electric eel.

Vanquished Creatures
  A phantom (D:4)
  Blork the orc (D:4)
  A crimson imp (D:5)
  An orc priest (D:5)
  2 hounds (D:4)
  An iguana (D:4)
  2 orc wizards (D:5)
  A worker ant (D:5)
  A gnoll (D:1)
  9 adders
  A shadow imp (D:5)
  An ooze (D:3)
  A worm (D:3)
  A dart slug (D:1)
  5 leopard geckos
  2 orcs
  7 bats
  5 giant cockroaches
  12 goblins
  9 hobgoblins
  12 jackals
  3 quokkas
  5 frilled lizards
  3 kobolds
  3 rats
90 creatures vanquished.

Vanquished Creatures (collateral kills)
  A phantom (D:4)
  A bullfrog zombie (D:5)
  An orc (D:5)
3 creatures vanquished.

Grand Total: 93 creatures vanquished

Notes
Turn   | Place    | Note
-------+----------+-------------------------------------------
     0 | D:1      | FishFinger the Minotaur Chaos Knight began the quest for the Orb.
     0 | D:1      | Reached XP level 1. HP: 19/19 MP: 0/0
    76 | D:1      | Reached XP level 2. HP: 26/27 MP: 1/1
    83 | D:1      | XOM: divination: detect items
   129 | D:1      | Reached skill level 4 in Polearms
   255 | D:1      | Reached XP level 3. HP: 31/33 MP: 2/2
   269 | D:1      | XOM: harmless Chrm miscast
   981 | D:2      | Reached XP level 4. HP: 28/41 MP: 3/3
  1208 | D:2      | Reached skill level 5 in Polearms
  1674 | D:2      | Found a snail-covered altar of Cheibriados.
  1699 | D:2      | XOM: divination: magic mapping
  1950 | D:3      | Found an iron altar of Okawaru.
  2015 | D:3      | Found a shadowy altar of Dithmenos.
  2046 | D:3      | XOM: harmless Hex miscast
  2198 | D:3      | XOM: cloud trail
  2427 | D:3      | Found a sparkling altar of Nemelex Xobeh.
  2493 | D:3      | Reached XP level 5. HP: 45/47 MP: 4/4
  2504 | D:3      | Reached skill level 1 in Stealth
  2858 | D:3      | XOM: harmless Summ miscast
  3321 | D:4      | Noticed Blork the orc
  3376 | D:4      | Killed Blork the orc
  3592 | D:4      | Noticed a phantom
  3609 | D:4      | XOM: divination: magic mapping
  3617 | D:4      | Killed a phantom
  3617 | D:4      | Reached skill level 5 in Fighting
  3617 | D:4      | Reached skill level 6 in Polearms
  3617 | D:4      | Reached XP level 6. HP: 48/56 MP: 5/5
  3725 | D:4      | XOM: harmless Summ miscast
  4080 | D:4      | Got a twisted war axe
  4372 | D:4      | XOM: silly message
  4414 | D:4      | Found a staircase to the Ecumenical Temple.
  4419 | Temple   | Entered the Ecumenical Temple
  4597 | D:4      | XOM: divination: magic mapping
  4607 | D:4      | XOM: potion effect (heal wounds)
  4610 | D:4      | XOM: cast spell 'Summon Ice Beast'
  4637 | D:4      | XOM: cloud trail
  4705 | D:4      | Found Net Buck's General Store.
  4933 | D:5      | Entered Level 5 of the Dungeon
  5346 | D:5      | XOM: confuse monster(s)
  5349 | D:5      | XOM: summons friendly shadow imp
  5371 | D:5      | Reached XP level 7. HP: 53/61 MP: 6/6
  5376 | D:5      | XOM: medium Tmut miscast
  5458 | D:5      | Reached skill level 7 in Polearms
  5531 | D:5      | XOM: scenery: create altars
  5636 | D:5      | XOM: god gift: 7 poisoned tomahawks
  5792 | D:5      | Killed from afar by an electric eel

Skill      XL: |  1  2  3  4  5  6  7 |
---------------+----------------------+-----
Polearms       | 4 5 6 7 |  7.1
Fighting       | 4 5 |  5.5
Armour         | 3 4 |  4.3
Stealth        | 1 2 |  2.4
Dodging        | 2 3 |  3.0

Action                   |  1- 3 |  4- 6 |  7- 9 || total
-------------------------+-------+-------+-------++-------
Melee: Spear             |   102 |   211 |    35 ||   348
       Headbutt          |     8 |    16 |     4 ||    28
Evoke: Wand              |       |       |     1 ||     1
  Use: Scroll            |     2 |     8 |     1 ||    11
       Potion            |       |     2 |       ||     2
 Stab: Paralysed         |     1 |     1 |       ||     2
       Petrified         |       |     3 |       ||     3
       Sleeping          |       |     3 |       ||     3
       Confused          |       |     1 |       ||     1
       Distracted        |       |       |     1 ||     1
  Eat: Chunk             |       |    11 |       ||    11
       Bread ration      |       |     1 |       ||     1
Armor: Leather armour    |    27 |    17 |     2 ||    46
Dodge: Dodged            |    57 |    79 |     9 ||   145
